 Dungeon Crawl Stone Soup version 0.28.0-53-g5a82cb258f (webtiles) character file.

Game seed: 7111803015980238147

44 issech the Chopper (level 3, -4/33 HPs)
             Began as a Minotaur Monk on June 19, 2022.
             Slain by a gnoll
             ... wielding a +0 spear
              (5 damage)
             ... on level 2 of the Dungeon.
             The game lasted 00:04:00 (1546 turns).

issech the Chopper (Minotaur Monk)                  Turns: 1546, Time: 00:04:01

Health: -4/33      AC:  2    Str: 15    XL:     3   Next: 41%
Magic:  2/2        EV: 13    Int:  7    God:
Gold:   28         SH:  0    Dex: 14    Spells: 2/2 levels left

rFire   + . .      SeeInvis .   a - +0 hand axe
rCold   x . .      Faith    .   (no shield)
rNeg    . . .      Spirit   .   b - +0 robe
rPois   .          Reflect  .   (helmet restricted)
rElec   .          Harm     .   (no cloak)
rCorr   +          Rampage  .   (no gloves)
Will    .....                   (no boots)
Stlth   ++........              (no amulet)
HPRegen 0.11/turn               g - ring of resist corrosion
MPRegen 0.08/turn               e - ring of fire

@: no status effects
A: horns 2, retaliatory headbutt
a: no special abilities


You were on level 2 of the Dungeon.
You visited 1 branch of the dungeon, and saw 2 of its levels.

You collected 52 gold pieces.
You spent 24 gold pieces at shops.

Inventory:

Hand Weapons
 a - a +0 hand axe (weapon)
Missiles
 f - 6 boomerangs (quivered)
 i - 5 stones
Armour
 b - a +0 robe (worn)
Jewellery
 e - a ring of fire (right hand)
 g - a ring of resist corrosion (left hand)
Scrolls
 d - a scroll of torment
 h - a scroll of enchant weapon {unknown}
Potions
 c - 3 potions of curing {unknown}


   Skills:
 + Level 4.2 Fighting
 + Level 4.3 Axes
 + Level 3.8 Dodging
 + Level 1.7 Stealth


You had 2 spell levels left.
You didn't know any spells.
Your spell library contained the following spells:

 Spells                   Type           Power      Damage    Failure   Level
 Corpse Rot               Necr/Air       0%         N/A       56%         2
 Mephitic Cloud           Conj/Pois/Air  0%         N/A       80%         3
 Lightning Bolt           Conj/Air       0%         1d11      100%        5
 Maxwell's Capacitive Co  Air            0%         ∞         100%        8


Dungeon Overview and Level Annotations

Branches:
Dungeon (2/15)

Altars:

Shops:
D:1 ?

Annotations:
D:2 Sigmund


Innate Abilities, Weirdness & Mutations

You have a pair of horns on your head.
You reflexively headbutt those who attack you in melee.


Message History

You closely miss the giant cockroach. The hobgoblin misses you.
You furiously retaliate!
You headbutt the hobgoblin.
You kill the hobgoblin!
The giant cockroach closely misses you.
The giant cockroach waves its antennae.
The giant cockroach bites you but does no damage.
You see here a hobgoblin corpse.
You hit the giant cockroach.
You kill the giant cockroach!
You see here a giant cockroach corpse.
You see here a hobgoblin corpse.
You now have 28 gold pieces (gained 7).
A gnoll comes into view.
It is wielding a +0 club. 2 gnolls come into view.
The gnoll shouts! x3
An endoplasm comes into view.
An endoplasm comes into view.
The gnoll hits you from afar with a +0 spear.
You see here a hobgoblin corpse.
You see here a giant cockroach corpse.
You closely miss the gnoll. The gnoll closely misses you.
You furiously retaliate!
You headbutt the gnoll. You hit the gnoll.
The gnoll is lightly wounded.
The gnoll closely misses you.
The gnoll hits you from afar with a +0 spear!
You barely miss the gnoll. The gnoll hits you with a +0 club!
The gnoll misses you.
The endoplasm jiggles.
You barely miss the gnoll. Your headbutt misses the gnoll.
The gnoll barely misses you.
The gnoll hits you from afar with a +0 spear!
* * * LOW HITPOINT WARNING * * *
The gnoll barely misses you. You furiously retaliate!
You headbutt the gnoll! The endoplasm completely misses you.
Found a stone staircase leading down.
The gnoll hits you from afar with a +0 spear!
* * * LOW HITPOINT WARNING * * *
The gnoll hits you from afar with a +0 spear.
You die...

.......# #.##
#.########### ..
.......####..####.# ##
................#.######
................#.......
.............J..#.......
....††....g.gg..........
####...#######g#........
##
g............#..J.......
#####.
############.##.@.......
#...#. #.##...######
#.#.#. #.##...# #.#.#.
#.###..# #.#.#. #.# #..#
#.#.#. #.# #.># #.#.##
#.# #..# #.#.## #.# #..#
#.#.## #.# #..# #.#.##


You could see 3 gnolls and 2 endoplasms.

Vanquished Creatures
  A worm (D:2)
  2 dart slugs (D:1)
  3 endoplasms
  2 giant cockroaches (D:2)
  2 goblins (D:1)
  2 hobgoblins (D:2)
  4 jackals (D:1)
  5 kobolds
  2 quokkas (D:2)
  3 ball pythons
  2 bats (D:1)
  2 frilled lizards (D:1)
  4 rats (D:1)
34 creatures vanquished.

Notes
Turn   | Place    | Note
-------+----------+-------------------------------------------
     0 | D:1      | issech the Minotaur Monk began the quest for the Orb.
     0 | D:1      | Reached XP level 1. HP: 19/19 MP: 0/0
    90 | D:1      | Reached XP level 2. HP: 18/27 MP: 1/1
   407 | D:1      | Found Ybieleal's Magic Scroll Shoppe.
   436 | D:1      | Got the Papyrus of the Virous Birds
   600 | D:1      | Bought a scroll of identify for 24 gold pieces
   740 | D:1      | Found a faded altar of an unknown god.
   749 | D:1      | Reached XP level 3. HP: 29/33 MP: 2/2
   892 | D:2      | Noticed Sigmund
  1545 | D:2      | HP: 1/33 [gnoll/+0 spear (9)]
  1546 | D:2      | Slain by a gnoll

Illustrated notes

Levels and vault maps discovered:
D:1:      minmay_arrival_checkered_box, layout_loops_ring, serial_shops,
          nicolae_shop_statue_plus,
          hellmonk_ecumenical_altar_pennies_from_heaven
D:2:      minmay_chambers_of_ones, layout_basic, uniq_sigmund

Skill      XL: |  1  2 |
---------------+-------+-----
Axes           | 4 |  4.3
Fighting       | 4 |  4.2
Dodging        | |  3.8
Stealth        | |  1.7

Action                   || total
-------------------------++-------
Melee: Hand axe          ||    81
       Headbutt          ||     7
  Use: Scroll            ||     1
 Stab: Sleeping          ||     3
Armor: Robe              ||    21
Dodge: Dodged            ||    74
